 Dungeon Crawl Stone Soup version 0.30-a0-651-g0755cc6dcf (webtiles) character file.

Game seed: 11574085085049578182

4615 Chromium the Fighter (level 10, -2/101 HPs)
             Began as a Hill Orc Fighter on Jan 18, 2023.
             Was an Initiate of Wu Jian.
             Slain by an orc warrior
             ... wielding a +0 halberd
             ... led by an orc knight
              (9 damage)
             ... on level 12 of the Dungeon.
             The game lasted 00:38:23 (8848 turns).

Chromium the Fighter (Hill Orc Fighter)             Turns: 8848, Time: 00:38:23

Health: -2/101     AC: 23    Str: 24    XL:     10   Next: 42%
Magic:  10/10      EV:  4    Int:  8    God:    Wu Jian [......]
Gold:   478        SH:  9    Dex: 10    Spells: 9/9 levels left

rFire   . . .      SeeInvis .    q - +7 hammer of the Hurting Hero {freeze, Will+}
rCold   . . .      Faith    .    c - +0 buckler
rNeg    . . .      Spirit   .    A - +1 crystal plate armour
rPois   +          Reflect  +    (no helmet)
rElec   .          Harm     .    g - +0 cloak
rCorr   +          Rampage  .    (no gloves)
Will    +....                    (no boots) Stlth
                                 h - amulet of reflection
HPRegen 0.36/turn                i - ring of poison resistance
MPRegen 0.12/turn                t - ring of resist corrosion

@: about to teleport
A: no striking features
a: Renounce Religion


You were on level 12 of the Dungeon.
You worshipped Wu Jian.
Wu Jian was noncommittal.
You visited 2 branches of the dungeon, and saw 11 of its levels.
You also visited: Bailey.

You collected 478 gold pieces.

Inventory:

Hand Weapons
 a - a +1 war axe of chaos
 m - a +4 flail of holy wrath
 n - the +1 hammer of Mesost {drain, rElec rN++ Str+3}
   (You found it on level 2 of the Dungeon)

   Str:       It affects your strength (+3).
   rElec:     It insulates you from electricity.
   rN:        It greatly protects you from negative energy.
 o - a +4 hammer
 q - the +7 hammer of the Hurting Hero (weapon) {freeze, Will+}
   (You found it on level 2 of the Dungeon)

   Will:      It increases your willpower.
 u - a +1 heavy hand axe
 y - a +4 hand axe of freezing
Missiles
 z - a throwing net
Armour
 c - a +0 buckler (worn)
 g - a +0 cloak (worn)
 A - a +1 crystal plate armour (worn)
Magical Staves
 r - a staff of air
 F - a staff of conjuration
Jewellery
 h - an amulet of reflection (around neck)
 i - a ring of poison resistance (left hand)
 t - a ring of resist corrosion (right hand)
Wands
 d - a wand of flame (35)
 f - a wand of polymorph (7)
 p - a wand of quicksilver (12)
 w - a wand of digging (8)
 G - a wand of charming (13)
Scrolls
 b - a scroll of blinking
 k - a scroll of enchant weapon
 l - a scroll of poison
 s - 3 scrolls of identify
 x - a scroll of magic mapping
 E - a scroll of torment
Potions
 e - 3 potions of curing (quivered)
 j - a potion of berserk rage
 C - a potion of resistance


   Skills:
 - Level 13.2 Fighting
 - Level 2.6(3.3) Axes
 - Level 2.3(2.8) Maces & Flails
 + Level 11.4 Armour
 - Level 0.7 Stealth
 - Level 3.2 Shields


You had 9 spell levels left.
You didn't know any spells.
Your spell library contained the following spells:

 Spells                   Type           Power      Damage    Failure   Level
 Apportation              Tloc           0%         N/A       100%        1
 Shock                    Conj/Air       0%         1d3       100%        1
 Ensorcelled Hibernation  Hex/Ice        0%         N/A       100%        2
 Dazzling Flash           Conj/Hex       0%         N/A       100%        3
 Spider Form              Tmut/Pois      0%         N/A       100%        3
 Swiftness                Air            0%         N/A       100%        3
 Airstrike                Air            0%         2d(0-16)  100%        4
 Anguish                  Hex/Necr       0%         N/A       100%        4
 Agony                    Necr           0%         N/A       100%        5
 Alistair's Intoxication  Tmut/Pois      0%         N/A       100%        5
 Iskenderun's Battlesphe  Conj           0%         2d6       100%        5
 Silence                  Hex/Air        0%         N/A       100%        5
 Iron Shot                Conj/Erth      0%         9d1       100%        6
 Spellforged Servitor     Conj/Summ      0%         N/A       100%        7


Dungeon Overview and Level Annotations

Branches:
Dungeon (12/15)            Temple (1/1) D:4          Bailey (visited)
   Lair: D:8-11         Orc: D:9-12

Altars:
Ashenzari
Cheibriados
Dithmenos
Elyvilon
Fedhas
Gozag
Hepliaklqana
Kikubaaqudgha
Makhleb
Nemelex Xobeh
Okawaru
Qazlal
Sif Muna
Uskayaw
Vehumet
Wu Jian
Xom
Yredelemnul
Zin
The Shining One

Shops:
D:3 =   D:8 *


Message History

The orc knight hits you with a +1 broad axe.
The orc warrior barely misses you.
You hit the orc knight but do no damage.
The orc knight is severely wounded.
The orc warrior hits you but does no damage.
The orc knight barely misses you.
The orc knight hits you with a +1 broad axe!
The orc warrior hits you but does no damage.
You hit the orc knight. You freeze the orc knight.
The orc knight is severely wounded.
The orc knight hits you but does no damage.
The orc warrior hits you but does no damage.
You feel much better.
The orc knight hits you with a +1 broad axe!
The orc warrior hits you but does no damage.
The air fills with toxic fumes!
As you read the scroll of poison, it crumbles to dust.
The orc knight hits you but does no damage.
The orc warrior hits you from afar with a +0 halberd!
You barely miss the orc knight.
The orc knight is severely wounded.
The orc warrior hits you from afar with a +0 halberd.
You block the orc knight's attack.
You sock the orc knight! You freeze the orc knight.
The orc knight is almost dead.
The orc knight hits you with a +1 broad axe!
You block the orc warrior's attack.
You hit the orc knight. You freeze the orc knight.
The orc knight is almost dead.
The orc knight hits you with a +1 broad axe.
You block the orc warrior's attack.
The orc warrior hits you from afar with a +0 halberd!
* * * LOW HITPOINT WARNING * * *
The orc knight hits you with a +1 broad axe!
* * * LOW HITPOINT WARNING * * *
As you read the scroll of teleportation, it crumbles to dust.
You feel strangely unstable.
The orc warrior no longer looks unusually strong.
The orc warrior hits you from afar with a +0 halberd!
You die...

.......###....###......##
......o..o..##.....#....
......#..☼..##...##...##
....######§.o##........
....####.§§§###...##.#.
.....#.#.§§§§....##
.........§§§§§...#
.........§§☼§§o###
.........§§§§§oo@#
.........§§#§§o###
..........(#####
..#.....)...#
.##.........# #
##..........#
#.........^# ###.......##
....#####


You could see an orc knight, 2 orc warriors and an orc wizard (strong).

Vanquished Creatures
  An oklob plant (D:8)
  Maggie (D:6)
  A komodo dragon (D:9)
  Grinder (D:3)
  Sigmund (D:4)
  2 steam dragons
  Menkaure (D:4)
  A water moccasin (D:8)
  An acid dragon (D:9)
  Pargi (D:4)
  2 sky beasts
  5 ogres
  2 orc warriors
  4 centaurs
  2 phantoms
  A gnoll sergeant (D:8)
  2 scorpions (D:5)
  5 wights (D:8)
  8 orc priests
  An iron imp (D:5)
  2 hounds
  A jelly (D:5)
  Crazy Yiuf (D:2)
  5 iguanas
  6 orc wizards
  12 adders
  11 gnolls
  A shadow imp (D:7)
  A white imp (D:3)
  A worm (D:4)
  2 dart slugs
  33 orcs
  6 ball pythons
  4 bats
  7 endoplasms
  4 giant cockroaches
  8 goblins
  5 hobgoblins
  3 jackals (D:2)
  4 quokkas
  2 frilled lizards
  A goblin skeleton (D:5)
  A goblin zombie (D:5)
  4 hobgoblin zombies (D:5)
  8 kobolds
  3 kobold zombies (D:5)
  An orc skeleton (D:5)
  7 rats
  2 bushes (D:8)
189 creatures vanquished.

Vanquished Creatures (others)
  5 fungi (D:2)
  14 plants (D:8)
  4 withered plants (D:3)
23 creatures vanquished.

Grand Total: 212 creatures vanquished

Notes
Turn   | Place    | Note
-------+----------+-------------------------------------------
     0 | D:1      | Chromium the Hill Orc Fighter began the quest for the Orb.
     0 | D:1      | Reached XP level 1. HP: 19/19 MP: 1/1
    34 | D:1      | Reached skill level 4 in Fighting
   138 | D:1      | Reached XP level 2. HP: 24/27 MP: 2/2
   909 | D:2      | Reached skill level 5 in Fighting
   909 | D:2      | Reached XP level 3. HP: 33/36 MP: 3/3
  1277 | D:2      | Reached XP level 4. HP: 44/44 MP: 4/4
  1515 | D:2      | Reached skill level 6 in Fighting
  1640 | D:2      | Identified the +1 hammer of Mesost {drain, rElec rN++
                  | Str+3}
  1663 | D:2      | Found a runed translucent door.
  1664 | D:2      | Noticed Crazy Yiuf
  1674 | D:2      | Killed Crazy Yiuf
  1679 | D:2      | Identified the +7 hammer of the Hurting Hero {freeze,
                  | Will+}
  1861 | D:3      | Reached XP level 5. HP: 50/51 MP: 5/5
  2030 | D:3      | Noticed Grinder
  2049 | D:3      | Paralysed by Grinder for 4 turns
  2055 | D:3      | Paralysed by Grinder for 3 turns
  2069 | D:3      | Killed Grinder
  2070 | D:3      | Reached skill level 7 in Fighting
  2070 | D:3      | Reached XP level 6. HP: 31/61 MP: 6/6
  2186 | D:3      | Found an ancient bone altar of Kikubaaqudgha.
  2308 | D:3      | Reached skill level 8 in Fighting
  2518 | D:3      | Found Bocof's Jewellery Emporium.
  2693 | D:4      | Reached XP level 7. HP: 65/69 MP: 7/7
  2768 | D:4      | Noticed Menkaure
  3025 | D:4      | Killed Menkaure
  3026 | D:4      | Reached skill level 9 in Fighting
  3182 | D:4      | Noticed Sigmund
  3195 | D:4      | Killed Sigmund
  3196 | D:4      | Reached skill level 10 in Fighting
  3371 | D:4      | Found a staircase to the Ecumenical Temple.
  3385 | Temple   | Entered the Ecumenical Temple
  3686 | D:4      | Noticed Pargi
  3693 | D:4      | Killed Pargi
  3694 | D:4      | Reached XP level 8. HP: 76/80 MP: 8/8
  3951 | D:5      | Entered Level 5 of the Dungeon
  4002 | D:5      | Reached skill level 11 in Fighting
  4160 | D:5      | Reached skill level 12 in Fighting
  4351 | D:5      | Found a glowing golden altar of the Shining One.
  4709 | D:5      | Reached skill level 13 in Fighting
  4768 | D:6      | Reached XP level 9. HP: 91/93 MP: 9/9
  5098 | D:6      | Noticed Maggie
  5110 | D:6      | Killed Maggie
  5111 | D:6      | Reached skill level 5 in Armour
  5948 | D:7      | Found a flagged portal.
  6035 | D:7      | Found a basalt altar of Yredelemnul.
  6044 | D:7      | Found a shimmering altar of Xom.
  6154 | Bailey   | Entered a bailey
  6972 | D:7      | Found an ornate altar of the Wu Jian Council.
  6977 | D:7      | Noticed a spectral centipede
  6978 | D:7      | Became a worshipper of the Wu Jian Council
  7042 | D:8      | Found a blossoming altar of Fedhas.
  7055 | D:8      | Noticed an oklob plant
  7075 | D:8      | Killed an oklob plant
  7183 | D:8      | Reached XP level 10. HP: 90/101 MP: 10/10
  7490 | D:8      | Reached skill level 10 in Armour
  7826 | D:8      | Found Mughuf's Island Escapes.
  8539 | D:9      | You fall into a shaft and drop 3 floors!
  8812 | D:12     | Noticed an orc knight
  8848 | D:12     | Slain by an orc warrior

Illustrated notes

Levels and vault maps discovered:
D:1:      saegor_arrival_simple_c, layout_basic, serial_bayou_lagoon_a,
          chequers_serial_rivers_micro_a
D:2:      layout_loops_cross, minmay_pentomino_s4, uniq_crazy_yiuf_cottage
D:3:      layout_basic, kiku_gazebo_garden_becter, serial_shops, shop,
          uniq_grinder
D:4:      layout_basic, minmay_temple_entry_overgrown, minmay_misc_feat_alley,
          uniq_pargi, uniq_menkaure, uniq_sigmund
D:5:      layout_loops_ring, nicolae_tso_besieged_by_evil,
          minmay_misc_feat_more_columns
D:6:      layout_basic, serial_bayou_pond_d, uniq_maggie
D:7:      layout_rooms, mainiacjoe_overflow_catwalk_spiral,
          pdpol_wu_jian_five_deadly_venoms, enter_bailey_8
D:8:      layout_loops_ring, tgw_fedhas, minmay_misc_feat_rows,
          nicolae_island_escapes
D:9:      layout_cave_pools, trog_butcher_becter, erik_orc_4, serial_shops,
          shop, minmay_crystal_room, uniq_erica
D:12:     layout_cave_pools
Temple:   eino_narrow_crystal_temple

Skill      XL: |  1  2  3  4  5  6  7  8  9 10 |
---------------+-------------------------------+-----
Fighting       | 4 5 6 7 8 10 13 | 13.2
Maces & Flails | 2 |  2.3
Armour         | 9 11 | 11.4
Axes           | |  2.6
Stealth        | |  0.7
Shields        | |  3.2

Action                   |  1- 3 |  4- 6 |  7- 9 | 10-12 || total
-------------------------+-------+-------+-------+-------++-------
Melee: War axe           |    70 |    33 |       |       ||   103
       Mace              |       |   103 |   322 |   123 ||   548
Invok: Lunge             |       |       |     1 |     6 ||     7
  Use: Scroll            |     5 |     6 |     4 |     7 ||    22
       Potion            |     3 |     4 |     4 |     6 ||    17
Armor: Scale mail        |    34 |    85 |    59 |       ||   178
       Crystal plate arm |       |       |    74 |   124 ||   198
Dodge: Dodged            |    29 |    85 |    67 |    34 ||   215
Block: Buckler           |    16 |    37 |    95 |   106 ||   254
       Reflection        |       |       |     7 |     3 ||    10

Table legend: (Time is in decaauts)
 A = Elapsed time spent in this place.
 B = Non-inter-level travel time spent in this place.
 C = Inter-level travel time spent in this place.
 D = Time resting spent in this place.
 E = Time spent auto-exploring this place.
 F = Levels seen in this place.
 G = Mean time per level.
                   A        B        C        D        E       F      G
               +--------+--------+--------+--------+--------+-----+--------+
         Total |   9071 |   7711 |   1360 |      0 |   5486 |  12 |  755.9 |
       Dungeon |   8744 |   7467 |   1277 |      0 |   5300 |  10 |  874.4 |
        Temple |    202 |    119 |     83 |      0 |    114 |   1 |  202.0 |
        Bailey |    124 |    124 |      0 |      0 |     72 |   1 |  124.0 |
               +--------+--------+--------+--------+--------+-----+--------+

Top non-repeatable levels by time:
     D:8: 1333 daAuts
     D:6: 1198 daAuts
     D:3: 1051 daAuts
     D:4: 966 daAuts
     D:2: 960 daAuts
     D:7: 947 daAuts
     D:1: 871 daAuts
     D:5: 833 daAuts
    D:12: 314 daAuts
     D:9: 268 daAuts
  Temple: 202 daAuts
  Bailey: 124 daAuts
